 Dungeon Crawl Stone Soup version 0.31.0 (webtiles) character file.

Game seed: 17816861466446712856

102 qw the Shooter (level 4, 0/28 HPs)
             Began as a Gargoyle Hunter on Jan 19, 2024.
             Slain by Grinder (1 damage)
             ... while paralysed by Grinder
             ... on level 3 of the Dungeon.
             The game lasted 00:00:09 (1618 turns).

qw the Shooter (Gargoyle Hunter)                    Turns: 1618, Time: 00:00:10

Health: 0/28       AC:  8    Str: 15    XL:     4   Next: 77%
Magic:  4/4        EV:  2    Int:  9    God:
Gold:   44         SH:  0    Dex: 15    Spells: 3/3 levels left

rFire   + . .        a - +1 shortbow
rCold   . . .        (shield currently unavailable)
rNeg    + . .        c - +0 leather armour
rPois   inf          (helmet restricted)
rElec   +            (no cloak)
rCorr   +            (no gloves)
SInv    .            g - +1 pair of boots "Tivoy" {rF+ rC+ rCorr}
Will    .....        (no amulet)
Stlth   +            d - +5 ring of evasion
HPRegen 0.24/turn    (no ring)
MPRegen 0.09/turn

%: no passive effects
@: paralysed, about to teleport, very slow
A: sickness immunity, AC +3, negative energy resistance 1, electricity
resistance, torment resistance 1, petrification resistance, antennae 1, mutation
resistance 1, cold vulnerability 1
a: no special abilities


You were on level 3 of the Dungeon.
You visited 1 branch of the dungeon, and saw 3 of its levels.

You collected 44 gold pieces.


Innate Abilities, Weirdness & Mutations

You are immune to sickness and miasma.
Your stone body is resilient. (AC +3)
You are immune to poison.
You resist negative energy. (rN+)
You are resistant to electric shocks. (rElec)
You are resistant to unholy torment.
You are immune to petrification.
You have a pair of small antennae on your head.
You are somewhat resistant to further mutation.
You are vulnerable to cold. (rC-)


   Skills:
 - Level 3.1 Fighting
 + Level 5.6 Ranged Weapons
 - Level 1.5 Dodging
 - Level 1.1 Stealth


You had 3 spell levels left.
You didn't know any spells.
Your spell library was empty.

Inventory:

Hand Weapons
 a - a +1 shortbow (weapon)
Armour
 c - a +0 leather armour (worn)
 g - the +1 pair of boots "Tivoy" (worn) {rF+ rC+ rCorr}
   (You acquired it on level 1 of the Dungeon)

   rF+:       It protects you from fire.
   rC+:       It protects you from cold.
   rCorr:     It protects you from acid and corrosion.
Jewellery
 d - a +5 ring of evasion (left hand)
Potions
 e - 2 potions of mutation

Dungeon Overview and Level Annotations

Branches:
Dungeon (3/15)

Altars:

Annotations:
D:3 Grinder


Message History

You shoot an arrow. The arrow barely misses Grinder.
Grinder gestures at you. Pain shoots through your body!
You shoot an arrow. The arrow barely misses Grinder.
You shoot an arrow. The arrow barely misses Grinder.
Grinder completely misses you.
You shoot an arrow. The arrow barely misses Grinder.
Grinder barely misses you. Grinder hits you but does no damage.
You shoot an arrow. The arrow barely misses Grinder.
Grinder barely misses you.
You shoot an arrow. The arrow hits Grinder.
Grinder is moderately wounded.
Grinder gestures at you.
You barely resist. You shoot an arrow. The arrow barely misses Grinder.
Grinder hits you but does no damage.
You shoot an arrow. The arrow hits Grinder.
Grinder is heavily wounded.
Grinder hits you.
You writhe in agony.
You shoot an arrow. The arrow closely misses Grinder.
Grinder hits you.
You writhe in agony.
You shoot an arrow. The arrow barely misses Grinder.
Grinder barely misses you. Grinder gestures at you.
Pain shoots through your body!
You shoot an arrow. The arrow closely misses Grinder.
Grinder barely misses you.
You shoot an arrow. The arrow hits Grinder.
Grinder is severely wounded.
Grinder says, "There's only one good use for a tongue: cutting it out."
Grinder hits you.
You writhe in agony.
1616 ||| READING scroll of teleportation.
As you read the scroll of teleportation, it crumbles to dust.
You feel strangely unstable. Grinder gestures at you.
You suddenly lose the ability to move!
Grinder hits you but does no damage. Grinder hits you!
You writhe in agony.
You die...
Grinder sighs, "Dead already?
I want a refund."

..# ~## ...# ~~##... #.
#~~#.. ... ##~~#.#
#...#.~~..# ########
..$...~~..#####......#
.......@.~##.##.####
#.#~..~~5.#...<...~#
#..~~~...#.~~.#.~.#
#....~..###.~~..~~~.#
...~.~~~..#.#.~~.#..~~
...~.~.~....#.######~~.
...~~~~..~.... ~.#
...~~.~~....... ..
...~.~~.~..~..#


You could see Grinder.

Vanquished Creatures
  Jessica (D:2)
  4 gnolls (D:2)
  A dart slug (D:2)
  4 ball pythons
  2 bats
  3 endoplasms
  2 giant cockroaches
  3 goblins
  4 hobgoblins
  2 jackals (D:1)
  A quokka (D:1)
  5 frilled lizards
  A kobold (D:1)
  5 rats
38 creatures vanquished.

Notes
Turn   | Place    | Note
-------+----------+-------------------------------------------
     0 | D:1      | qw the Gargoyle Hunter began the quest for the Orb.
     0 | D:1      | Reached XP level 1. HP: 12/12 MP: 1/1
     0 | D:1      | 0 ||| qw: Version: 0.3-a-132-g3d54051
     0 | D:1      | 0 ||| qw: Game counter: 293
     0 | D:1      | 0 ||| qw: Melee chars always use a shield: true
     0 | D:1      | 0 ||| qw: God list: Okawaru
     0 | D:1      | 0 ||| qw: Allow faded altars: false
     0 | D:1      | 0 ||| qw: Do Orc after clearing Dungeon:15 true
     0 | D:1      | 0 ||| qw: Do second Lair branch before Depths: true
     0 | D:1      | 0 ||| qw: Lair rune preference: random
     0 | D:1      | 0 ||| qw: Goals: Normal
     0 | D:1      | 0 ||| PLANNING D:1-11
    14 | D:1      | You fall into a shaft and drop 1 floor!
    15 | D:2      | 15 ||| FLEEEEING.
    19 | D:2      | 19 ||| STAIRDANCE
   121 | D:1      | Reached XP level 2. HP: 13/17 MP: 2/2
   369 | D:1      | Found a faded altar of an unknown god.
   762 | D:1      | Reached XP level 3. HP: 15/21 MP: 3/3
  1002 | D:1      | 1002 ||| UPGRADING to +0 helmet.
  1007 | D:1      | 1007 ||| UPGRADING to +5 ring of evasion.
  1008 | D:1      | 1008 ||| READING scroll labelled ALUOXU LUDDA.
  1008 | D:1      | 1008 ||| ENCHANTING +0 helmet.
  1009 | D:1      | 1009 ||| READING scroll labelled UMUNIFEGAD.
  1009 | D:1      | 1009 ||| IDENTIFYING bubbling red potion
  1010 | D:1      | 1010 ||| READING scroll labelled QAIBAU WAGIAFF.
  1010 | D:1      | Identified a scroll of acquirement
  1010 | D:1      | 1010 ||| ACQUIRING +1 pair of boots "Tivoy" {rF+ rC+ rCorr}
  1010 | D:1      | Acquired the +1 pair of boots "Tivoy" {rF+ rC+ rCorr}
  1012 | D:1      | 1012 ||| UPGRADING to +1 pair of boots "Tivoy" {rF+ rC+
                  | rCorr}.
  1017 | D:1      | 1017 ||| DRINKING 2 smoky clear potions.
  1017 | D:1      | Gained mutation: You are vulnerable to cold. (rC-) [potion
                  | of mutation]
  1017 | D:1      | Gained mutation: You have a pair of small antennae on your
                  | head. [potion of mutation]
  1017 | D:1      | Gained mutation: You are somewhat resistant to further
                  | mutation. [potion of mutation]
  1018 | D:1      | 1018 ||| DROPPING +1 helmet.
  1019 | D:1      | 1019 ||| DROPPING scroll of butterflies.
  1020 | D:1      | 1020 ||| DROPPING potion of lignification.
  1139 | D:2      | Noticed Jessica
  1142 | D:2      | Killed Jessica
  1143 | D:2      | Reached skill level 5 in Ranged Weapons
  1143 | D:2      | 1143 ||| FLEEEEING.
  1144 | D:2      | 1144 ||| FLEEEEING.
  1145 | D:2      | 1145 ||| FLEEEEING.
  1146 | D:2      | 1146 ||| FLEEEEING.
  1147 | D:2      | 1147 ||| FLEEEEING.
  1148 | D:2      | 1148 ||| FLEEEEING.
  1201 | D:2      | 1201 ||| RETREEEEATING.
  1203 | D:2      | Reached XP level 4. HP: 27/27 MP: 4/4
  1205 | D:2      | 1205 ||| RETREEEEATING.
  1206 | D:2      | 1206 ||| RETREEEEATING.
  1207 | D:2      | 1207 ||| RETREEEEATING.
  1208 | D:2      | 1208 ||| RETREEEEATING.
  1209 | D:2      | 1209 ||| RETREEEEATING.
  1210 | D:2      | 1210 ||| RETREEEEATING.
  1211 | D:2      | 1211 ||| RETREEEEATING.
  1212 | D:2      | 1212 ||| RETREEEEATING.
  1223 | D:2      | Reached skill level 3 in Fighting
  1560 | D:2      | 1560 ||| READING scroll labelled RESMUX JAWAS.
  1561 | D:2      | 1561 ||| READING 2 scrolls labelled QOVAFFIWOE.
  1562 | D:2      | 1562 ||| FLEEEEING.
  1566 | D:2      | 1566 ||| READING scroll labelled IGOBYTHY XANG.
  1567 | D:2      | 1567 ||| READING scroll labelled GUYXASAMIJO.
  1567 | D:2      | 1567 ||| ENCHANTING +0 shortbow.
  1596 | D:3      | Noticed Grinder
  1615 | D:3      | HP: 7/28 [Grinder (2)]
  1616 | D:3      | 1616 ||| READING scroll of teleportation.
  1616 | D:3      | Paralysed by Grinder for 3 turns
  1618 | D:3      | HP: 1/28 [Grinder (7)]
  1618 | D:3      | Slain by Grinder

Levels and vault maps discovered:
D:1:      dpeg_arrival_round_a, layout_basic,
          hellmonk_ecumenical_altar_crossroads
D:2:      layout_basic, glass_columns_b, bh_walls_and_bars, uniq_jessica
D:3:      layout_loops_cross, regret_index_temple_of_mockery, serial_rivers,
          chequers_serial_rivers_small_a, chequers_serial_rivers_small_b,
          chequers_serial_rivers_small_3, chequers_serial_rivers_micro_a,
          chequers_serial_rivers_micro_e, kennysheep_generic_room_2,
          uniq_crazy_yiuf_cottage, uniq_grinder

Skill      XL: |  1  2  3  4 |
---------------+-------------+-----
Ranged Weapons | 5 |  5.6
Fighting       | 3 |  3.1
Dodging        | |  1.5
Stealth        | |  1.1

Action                     |  1- 3 |  4- 6 || total
---------------------------+-------+-------++-------
   Fire: Shortbow          |    80 |    49 ||   129
    Use: Scroll            |     3 |     5 ||     8
         Potion            |     1 |       ||     1
 Armour: Leather armour    |    20 |    16 ||    36
  Dodge: Dodged            |    25 |    19 ||    44

Table legend:
 A = Non-vault XP
 B = Vault XP
 C = Vault XP percentage of total XP
 D = Non-vault monster count
 E = Vault monster count
 F = Vault count percentage of total count
                 A         B        C        D         E       F
            +---------+---------+-------+---------+---------+-------
      Total |     109 |      37 |  25.3 |      37 |       1 |   2.6
            +---------+---------+-------+---------+---------+-------
        D:1 |      35 |       0 |   0.0 |      22 |       0 |   0.0
        D:2 |      73 |      37 |  33.6 |      14 |       1 |   6.7
        D:3 |       1 |       0 |   0.0 |       1 |       0 |   0.0
            +---------+---------+-------+---------+---------+-------
